Map: Echo LE (Void)

Players

Nerchio - Winner!

  • Race: Zerg Zerg
  • League: Grandmaster
  • Spawn Location: 5:00

liquidthermy (uThermal)

  • Race: Terran Terran
  • League: Master
  • Spawn Location: 11:00

Event: NationWars IV

VOD

Have the link to the VOD?

Description

Time

  • Played on: Jan. 7, 2017, 2:46 p.m.
  • Length: 12:02

All games in this series

Show
View Real Time Build Order
Export as new Build Order

Nerchio Zerg - Winner!

Build Orders: Pool First 

Get SALT Encoding   

  12  0:00  Drone  
  13  0:12  Overlord  
  13  0:16  Drone  
  14  0:31  Drone x2  
  14  0:34  Drone  
  17  0:43  Spawning Pool  
  17  0:49  Drone  
  17  1:07  Hatchery  
  17  1:10  Drone  
  17  1:12  Extractor  
  17  1:16  Drone  
  17  1:23  Drone  
  18  1:30  Queen  
  20  1:33  Zergling x2  
  20  1:38  Drone  
  22  1:49  Overlord  
  22  2:07  Queen  
  22  2:08  Drone  
  25  2:13  Metabolic Boost  
  25  2:18  Zergling x2  
  25  2:19  Queen  
  28  2:28  Drone x2  
  29  2:33  Drone x2  
  31  2:38  Drone x2  
  31  2:39  Drone  
  34  2:58  Overlord, Hatchery  
  33  3:01  Drone  
  33  3:03  Drone  
  35  3:06  Drone  
  35  3:09  Overlord  
  36  3:16  Drone  
  36  3:17  Drone x3  
  40  3:20  Drone  
  40  3:23  Drone  
  40  3:24  Drone  
  42  3:27  Overlord  
  42  3:31  Overlord  
  42  3:38  Zergling x2  
  42  3:39  Zergling x4  
  45  3:47  Roach Warren, Drone  
  45  3:49  Drone  
  45  3:50  Drone, Evolution Chamber  
  45  3:52  Drone  
  47  3:56  Extractor  
  46  4:09  Drone x3  
  50  4:10  Drone x4  
  50  4:11  Overlord  
  50  4:15  Overlord  
  53  4:20  Queen  
  55  4:26  Roach x3  
  55  4:29  Roach  
  63  4:33  Roach  
  63  4:35  Roach  
  67  4:38  Zerg Ground Armor Level 1  
  67  4:45  Roach, Spore Crawler  
  68  4:47  Roach  
  68  4:51  Drone x4  
  68  4:52  Drone  
  75  4:54  Drone  
  75  4:55  Drone  
  75  4:57  Overlord  
  77  5:01  Queen  
  79  5:08  Lair  
  79  5:12  Zergling x8  
  83  5:17  Zergling x4  
  85  5:22  Drone x6  
  91  5:30  Spore Crawler  
  91  5:32  Drone x2  
  91  5:33  Drone x3  
  95  5:40  Extractor  
  95  5:42  Evolution Chamber  
  93  5:43  Extractor  
  93  5:44  Overlord x2  
  92  5:50  Roach x2  
  92  5:53  Overlord  
  96  6:00  Extractor  
  96  6:01  Extractor, Overlord  
  94  6:05  Drone x4  
  94  6:06  Drone x5  
  94  6:07  Drone  
  94  6:10  Zerg Missile Weapons Level 1  
  104  6:14  Roach x2  
  104  6:17  Infestation Pit  
  107  6:21  Ravager  
  107  6:24  Queen  
  110  6:27  Drone x5  
  110  6:29  Overlord  
  110  6:30  Glial Reconstitution  
  110  6:32  Overlord  
  115  6:38  Overlord  
  115  6:45  Roach x3  
  115  6:46  Pneumatized Carapace  
  119  6:47  Drone x2  
  119  6:48  Drone x2  
  119  6:51  Drone  
  119  6:52  Spore Crawler  
  119  6:53  Spore Crawler  
  121  6:57  Ravager  
  121  6:58  Ravager  
  119  7:16  Roach x6  
  119  7:20  Drone x3  
  119  7:21  Drone x4  
  137  7:23  Overlord  
  137  7:28  Zerg Ground Armor Level 2  
  137  7:29  Hatchery  
  132  7:42  Roach x6, Spore Crawler  
  143  7:46  Overlord  
  143  7:51  Extractor  
  142  7:52  Zergling x2  
  142  7:53  Zergling x2  
  142  7:54  Hatchery  
  142  7:55  Queen  
  145  8:04  Ravager x2  
  145  8:05  Ravager  
  148  8:09  Hive  
  148  8:10  Zerg Melee Weapons Level 1  
  148  8:18  Infestor x2  
  152  8:20  Burrow  
  152  8:21  Drone x6  
  152  8:25  Roach  
  160  8:36  Zergling x10  
  160  8:37  Zergling x2  
  166  8:45  Baneling Nest  
  166  8:47  Overlord x2  
  165  8:48  Ravager  
  165  8:49  Ravager x4  
  165  8:51  Zergling x2  
  165  8:52  Zergling x10  
  165  8:54  Overlord x2  
  176  8:57  Overlord  
  176  8:59  Overlord x2  
  172  9:03  Overseer  
  170  9:14  Zergling x16  
  178  9:19  Overlord  
  178  9:20  Spore Crawler  
  174  9:24  Ravager  
  174  9:25  Zergling x2, Ravager x2  
  178  9:32  Ravager x2  
  177  9:44  Roach  
  169  9:47  Drone x2  
  169  9:48  Ultralisk Cavern, Drone x5  
  163  9:57  Spore Crawler, Drone x4  
  163  9:58  Drone x3  
  163  9:59  Overlord  
  169  10:05  Roach x6  
  180  10:11  Roach x3  
  180  10:12  Roach  
  178  10:23  Zergling x8  
  180  10:34  Roach  
  180  10:35  Roach x2  
  173  10:36  Roach x2  
  173  10:37  Roach x2, Chitinous Plating  
  174  10:43  Roach x2  
  174  10:44  Roach x2, Queen  
  174  10:45  Queen x2  
  174  10:49  Roach  
  182  10:52  Roach  
  182  10:53  Roach  
  182  10:54  Roach  
  168  11:00  Roach x3  
  168  11:01  Roach x2  
  172  11:04  Ultralisk  
  172  11:07  Ultralisk  
  172  11:10  Ravager x2  
  180  11:16  Zergling x6  
  188  11:26  Zergling x6  
  188  11:30  Extractor  
Show
View Real Time Build Order
Export as new Build Order

liquidthermy Terran 

Build Orders: Reaper Expand, Bio Tank 

Get SALT Encoding   

  12  0:01  SCV  
  13  0:13  SCV  
  14  0:17  Supply Depot  
  14  0:25  SCV  
  15  0:38  SCV  
  15  0:40  Barracks  
  16  0:44  Refinery  
  16  0:51  SCV  
  17  1:03  SCV  
  18  1:15  SCV  
  19  1:27  Orbital Command, Reaper  
  20  1:39  Command Center  
  20  1:52  Barracks  
  20  1:53  SCV  
  21  1:59  Barracks Reactor  
  21  2:05  SCV  
  22  2:10  Supply Depot  
  22  2:17  SCV  
  22  2:19  Refinery  
  23  2:31  SCV  
  23  2:35  Factory  
  23  2:36  Marine x2  
  26  2:43  SCV  
  27  2:44  Barracks Tech Lab  
  27  2:54  Marine x2  
  27  2:55  Bunker, SCV  
  30  2:59  Orbital Command  
  30  3:05  Stimpack  
  30  3:06  Marine  
  30  3:12  Marine x2  
  33  3:18  SCV  
  34  3:22  Starport  
  34  3:26  Factory Reactor  
  35  3:27  SCV  
  35  3:30  SCV  
  35  3:32  Marine  
  37  3:34  Marine  
  37  3:35  Marine  
  39  3:42  Supply Depot  
  39  3:43  SCV x2  
  41  3:50  Marine  
  41  3:52  Marine  
  41  3:53  Marine  
  41  3:55  SCV x2  
  46  4:05  Supply Depot  
  46  4:07  SCV  
  47  4:10  Medivac x2  
  47  4:12  SCV  
  47  4:14  Marine x2  
  47  4:15  Marine  
  54  4:27  SCV, Engineering Bay  
  54  4:29  Engineering Bay  
  55  4:32  Marine  
  55  4:34  Refinery  
  55  4:35  Supply Depot  
  55  4:36  Marine x2  
  58  4:38  SCV  
  58  4:40  SCV  
  60  4:50  SCV  
  60  4:52  SCV  
  62  4:56  Widow Mine  
  62  4:57  Marine x2, Medivac  
  62  4:59  Supply Depot  
  68  5:02  Terran Infantry Weapons Level 1  
  68  5:03  Terran Infantry Armor Level 1  
  68  5:06  SCV  
  69  5:08  SCV  
  70  5:20  Marine x3, Supply Depot  
  70  5:21  SCV  
  74  5:26  Factory Tech Lab, SCV  
  75  5:29  Liberator x2  
  75  5:33  SCV  
  76  5:38  SCV  
  76  5:39  Command Center  
  77  5:45  SCV  
  84  5:53  Combat Shields, Supply Depot  
  84  5:54  SCV  
  84  5:56  Marine  
  86  6:04  Supply Depot  
  86  6:09  Barracks  
  86  6:14  SCV x2  
  87  6:22  Factory Reactor  
  87  6:23  Marine x3  
  87  6:25  Refinery  
  90  6:26  Armory, SCV x2  
  92  6:39  SCV  
  93  6:40  SCV  
  93  6:41  Marine  
  93  6:42  Marine x2, Supply Depot  
  95  6:50  Barracks  
  95  6:51  SCV  
  95  6:52  Barracks  
  95  6:54  SCV  
  97  6:58  Marine  
  98  7:03  SCV  
  98  7:06  SCV  
  98  7:07  Marine x2  
  100  7:10  Marine  
  100  7:13  Siege Tank  
  100  7:14  Terran Infantry Weapons Level 2  
  100  7:15  SCV  
  103  7:19  Terran Infantry Armor Level 2  
  103  7:22  Marine, SCV  
  103  7:32  SCV  
  103  7:34  SCV  
  103  7:35  Medivac x2  
  103  7:36  Marine  
  109  7:38  Barracks Reactor  
  109  7:39  Barracks Reactor  
  109  7:43  Orbital Command  
  109  7:44  Marine  
  109  7:50  Siege Tank  
  109  7:51  Marine x2  
  114  7:53  Refinery  
  114  7:54  Marine  
  114  7:58  Supply Depot, Refinery  
  116  8:00  SCV  
  116  8:02  Marine, SCV  
  119  8:08  Marine  
  119  8:09  Marine  
  119  8:10  Factory  
  119  8:11  SCV  
  122  8:13  Marine, SCV, Supply Depot  
  122  8:14  Supply Depot  
  122  8:17  Marine  
  122  8:20  Marine, Medivac x2  
  122  8:21  Marine  
  122  8:23  Marine  
  122  8:25  Marine  
  122  8:26  Siege Tank  
  133  8:34  Missile Turret, Supply Depot, SCV  
  127  8:35  Marine  
  127  8:36  Marine  
  127  8:38  Marine, Supply Depot  
  127  8:40  Marine x2  
  132  8:46  Marine x2  
  132  8:49  Marine x2  
  132  8:52  Terran Vehicle Weapons Level 1, Concussive Shells  
  132  8:53  Marine x2  
  132  8:55  Factory Tech Lab  
  136  8:56  Marine, Medivac  
  136  8:58  Marine  
  136  9:01  Marine  
  141  9:03  Marine x2  
  143  9:11  Siege Tank  
  143  9:12  Marine  
  143  9:15  Supply Depot  
  143  9:16  Supply Depot, Siege Tank  
  150  9:20  Medivac  
  150  9:23  Marine x2  
  153  9:26  Medivac  
  153  9:28  Marine x3  
  157  9:34  Marine  
  157  9:36  Marine  
  154  9:40  Marine, Supply Depot  
  154  9:43  Siege Tank  
  158  9:46  Marine  
  158  9:47  Marine  
  158  9:48  Siege Tank  
  158  9:50  Medivac  
  158  9:51  Marine  
  159  9:57  Marine x2  
  159  9:58  Marauder  
  159  9:59  Marine, Supply Depot  
  159  10:00  Medivac  
  159  10:06  Marine x2  
  163  10:13  Marine  
  164  10:15  Siege Tank  
  164  10:20  Medivac  
  169  10:24  Siege Tank  
  159  10:37  Marine  
  147  10:43  Medivac  
  147  10:44  Marine x5  
  147  10:46  Marine x2  
  147  10:47  Siege Tank  
  147  10:49  Marine  
  152  10:50  Medivac  
  152  10:55  Marine  
  152  10:56  Siege Tank  
  149  11:02  Marine x4  
  137  11:07  Marine  
  137  11:08  Marine  
  134  11:15  Medivac  
  134  11:19  Command Center, Siege Tank  
  137  11:26  Marauder, Marine  
  137  11:28  Siege Tank  
  123  11:41  Marine x2  
Tags
 
Add a new tag
Caveats
  • Supply blocks, unpowered buildings, or Contaminate may cause inaccurate times.
  • Supply counts are checked every 10 seconds.